[Event "RUS-chT Premier League Women 2018"]
[Site "Sochi"]
[Date "2018.05.07"]
[Round "6"]
[White "Bulatova, Kamaliya"]
[Black "Nechaeva, Marina"]
[Result "0-1"]
[ECO "E74"]
[WhiteElo "2121"]
[BlackElo "2407"]
[Annotator "ChessBase"]
[PlyCount "118"]
[EventDate "2018.??.??"]
[EventCountry "RUS"]
[SourceTitle "playchess.com"]
[Source "ChessBase"]
[SourceQuality "1"]
[TimeControl "40/5400+30:1800+30"]

1. d4 Nf6 2. c4 g6 3. Nc3 Bg7 4. e4 d6 5. Be2 O-O 6. Be3 c5 7. d5 a6 8. a4 Qa5 9. Bd2 e6 10. Nf3 exd5 11. cxd5 Qc7 12. Bf4 Re8 13. Nd2 Nbd7 14. O-O Ne5 15. Re1 b6 16. Bg3 g5 17. Bxe5 Rxe5 18. Nf3 Re7 19. e5 Ng4 20. e6 h6 21. Bc4 Nf6 22. Qd3 Bb7 23. Qf5 Rd8 24. Rad1 Qc8 25. Rd3 fxe6 26. Rxe6 Rf7 27. Nxg5 hxg5 28. Qxg5 Re8 29. Rde3 Rxe6 30. Rxe6 Qf8 31. Bd3 Re7 32. Qe3 Rxe6 33. Qxe6+ Kh8 34. Qh3+ Bh6 35. Qf5 Bc8 36. Qf3 Qe7 37. Ne4 Nxe4 38. Bxe4 Qg5 39. h4 Qc1+ 40. Kh2 Qf4+ 41. Qxf4 Bxf4+ 42. g3 Bc1 43. b3 Kg7 44. f3 Kf6 45. g4 Ke5 46. Kh3 b5 47. axb5 axb5 48. Bd3 b4 49. h5 Kxd5 50. Kh4 Be3 51. f4 Bxf4 52. g5 Ke6 53. h6 Ke7 54. Kh5 Be6 55. Bc2 d5 56. g6 Kf6 57. g7 Bf7+ 58. Bg6 Bxg6+ 59. Kg4 Bh7 0-1

[Event "RUS-chT Premier League Women 2018"]
[Site "Sochi"]
[Date "2018.05.07"]
[Round "6"]
[White "Trapeznikova, Darya"]
[Black "Ovod, Evgenija"]
[Result "0-1"]
[ECO "A43"]
[WhiteElo "2087"]
[BlackElo "2371"]
[Annotator "NA"]
[PlyCount "56"]
[EventDate "2018.??.??"]
[EventCountry "RUS"]
[SourceTitle "playchess.com"]
[Source "ChessBase"]
[SourceQuality "1"]
[TimeControl "40/5400+30:1800+30"]

1. d4 e6 2. c4 c5 3. Nf3 cxd4 4. Nxd4 b6 5. Nc3 Bb7 6. Qc2 d6 7. e4 Nd7 8. Be2 h5 9. Be3 a6 10. f4 Ngf6 11. O-O-O Qc7 12. Kb1 Rc8 13. Rhe1 Qb8 14. Bg1 Be7 15. h3 b5 16. cxb5 Bxe4 17. Bd3 $11 d5 18. Nc6 Qxf4 19. Nxe7 Kxe7 20. bxa6 Rhd8 21. a7 Kf8 22. Qe2 Bxd3+ 23. Qxd3 Ne5 24. Qa6 Nc4 25. Bc5+ Kg8 26. Re2 Qc7 27. Na4 Ne4 28. Bb6 Ncd2+ 0-1

[Event "RUS-chT Premier League Women 2018"]
[Site "Sochi"]
[Date "2018.05.07"]
[Round "6"]
[White "Azimova, Karina"]
[Black "Styazhkina, Anna"]
[Result "1/2-1/2"]
[ECO "C49"]
[WhiteElo "2059"]
[BlackElo "2299"]
[Annotator "NA"]
[PlyCount "81"]
[EventDate "2018.??.??"]
[EventCountry "RUS"]
[SourceTitle "playchess.com"]
[Source "ChessBase"]
[SourceQuality "1"]
[TimeControl "40/5400+30:1800+30"]

1. e4 e5 2. Nf3 Nc6 3. Nc3 Nf6 4. Bb5 Bb4 {[%emt 0:00:29] LiveBook: 2001 Games} 5. O-O O-O 6. Bxc6 dxc6 7. Nxe5 Bxc3 {[%emt 0:01:35] C49: Four Knights: 4 Bb5 Bb4} (7... Re8 8. Nd3 Bxc3 9. dxc3 Nxe4 10. Bf4 Ng5 11. Re1 Ne6 12. Bg3 b6 13. Nf4 Nxf4 14. Bxf4 Qxd1 15. Raxd1 Bf5 16. Rxe8+ Rxe8 17. Bxc7 Bxc2 {½-½ (30) Lin,C (2475)-Wen,Y (2613) China 2017}) 8. dxc3 Nxe4 9. Bf4 Qf6 10. Nd3 Nd6 11. Qh5 $146 ({Predecessor:} 11. Re1 Bf5 12. Qf3 Rfe8 {½-½ (12) Aronin,L-Zhukhovitsky,S Tbilisi (Georgia) 1957}) 11... b6 12. Rfe1 Be6 13. Be5 Qg6 14. Qxg6 hxg6 15. Nb4 Nc4 16. Nxc6 Rfe8 17. b3 Na3 18. Nd4 c5 19. Nxe6 Rxe6 $14 20. Bf4 Rae8 21. Kf1 Nxc2 22. Rxe6 Rxe6 23. Rc1 Na3 24. c4 f6 25. Bd2 Rd6 26. Bc3 b5 27. Bb2 Ra6 28. cxb5 Nxb5 29. Rxc5 Rxa2 30. Rxb5 Rxb2 31. Ra5 Rxb3 32. Rxa7 Rb2 33. h4 Rb1+ 34. Ke2 Rb2+ 35. Kf1 Rb1+ 36. Ke2 Rb2+ 37. Kf1 Rb1+ 38. Ke2 Rb2+ 39. Kf1 Rb1+ 40. Ke2 Rb2+ 41. Kf1 1/2-1/2